 Dungeon Sprint DCSS version 0.28.0-43-g3370ac3207 (webtiles) character file.

Game seed: 16577879508473288239

1781 boopmooplesden the Fencer (level 8, -21/129 HPs)
             Began as a Minotaur Berserker on Mar 31, 2022.
             Was a High Priest of Trog.
             Demolished by Erolcha
             ... wielding a +6 giant club
              (26 damage)
             ... in the Dungeon (Sprint III: "The Ten Rune Challenge").
             The game lasted 00:02:07 (1337 turns).

boopmooplesden the Fencer (Minotaur Berserker)      Turns: 1337, Time: 00:02:08

Health: -21/129    AC: 16    Str: 21    XL:     8   Next: 81%
Magic:  2/2        EV:  9    Int:  4    God:    Trog [*****.]
Gold:   21         SH:  0    Dex: 13    Spells: 7/7 levels left

rFire   . . .      SeeInvis .   r - +4 great mace (antimagic)
rCold   . . .      Faith    .   (shield currently unavailable)
rNeg    . . .      Spirit   .   m - +0 plate armour
rPois   .          Reflect  .   (helmet unavailable)
rElec   .          Harm     .   i - +1 cloak
rCorr   .          Rampage  .   (no gloves)
Will    .....      NoTele   +   (no boots)
Stlth   ..........              (no amulet)
HPRegen 0.00/turn               (no ring)
MPRegen 0.08/turn               (no ring)

@: berserking (expiring), inhibited regen, very quick
A: horns 3, retaliatory headbutt, inhibited regeneration
a: Renounce Religion, Berserk, Trog's Hand, Brothers in Arms


You were in the Dungeon.
You worshipped Trog.
Trog was extremely pleased with you.
You visited 1 branch You collected 21 gold pieces.

Inventory:

Hand Weapons
 a - a +0 falchion
 p - a +0 long sword of holy wrath
 r - a +4 antimagic great mace (weapon)
Armour
 b - a +0 animal skin
 i - a +1 cloak (worn)
 m - a +0 plate armour (worn)
Scrolls
 h - a scroll of blinking
 j - a scroll of torment {unknown}
 k - a scroll of identify {unknown}
 n - a scroll of immolation {unknown}
 o - a scroll of amnesia {unknown}
Potions
 c - 3 potions of curing
 d - a potion of heal wounds
 e - a potion of haste
 f - 2 potions of magic
 g - a potion of berserk rage
 l - a potion of flight {unknown}
Miscellaneous
 q - a box of beasts


   Skills:
 + Level 13.6 Fighting
 + Level 15.6 Long Blades
 + Level 1.4 Maces & Flails
 + Level 9.1 Armour
 + Level 7.6 Dodging
 + Level 1.0 Stealth


You had 7 spell levels left.
You didn't know any spells.
Your spell library was empty.

Dungeon Overview and Level Annotations

Branches:
Dungeon (1/1)

Altars:
Cheibriados
Dithmenos
Elyvilon
Fedhas
Gozag
Hepliaklqana
Kikubaaqudgha
Makhleb
Nemelex Xobeh
Okawaru
Qazlal
Ru
Sif Muna
Trog
Uskayaw
Vehumet
Wu Jian
Xom
Yredelemnul
Zin
The Shining One
Beogh
Jiyva
Lugonu

Annotations:
D Erolcha


Innate Abilities, Weirdness & Mutations

You have a pair of large horns on your head.
You reflexively headbutt those who attack you in melee.
You do not regenerate when monsters are visible.


Message History

You hit Erolcha.
Erolcha's magic leaks into the air.
Erolcha is lightly wounded.
Erolcha hits you with a +6 giant club. Erolcha closely misses you.
You furiously retaliate!
You headbutt Erolcha.
A red film seems to cover your vision as you go berserk!
You feel yourself moving faster!
You feel mighty!
Erolcha's magic is no longer disrupted.
You feel a strong urge to attack something.
Erolcha hits you with a +6 giant club! The two-headed ogre closely misses you.
The two-headed ogre barely misses you.
You closely miss Erolcha.
Erolcha is lightly wounded.
Erolcha drinks a potion.
Erolcha flickers and vanishes!
Deactivating autopickup; reactivate with Ctrl-A.
You closely miss something. You headbutt something.
The two-headed ogre misses you.
The two-headed ogre hits you with a +0 giant spiked club!
Something hits you!
You closely miss something.
The two-headed ogre hits you with a +0 giant spiked club!
The two-headed ogre barely misses you.
You hear some strange, mumbled words.
You sock something! Your headbutt misses something.
The two-headed ogre hits you with a +0 giant spiked club!
The two-headed ogre hits you but does no damage.
Something hits you!
You barely miss something. Something hits you!
The two-headed ogre barely misses you. x2
You barely miss something. Something hits you!!
* * * LOW HITPOINT WARNING * * *
You closely miss something. The two-headed ogre barely misses you.
The two-headed ogre completely misses you.
Something hits you but does no damage.
Unknown command.
You bludgeon the two-headed ogre!!
The two-headed ogre is moderately wounded.
The two-headed ogre hits you with a +0 giant spiked club!
* * * LOW HITPOINT WARNING * * *
The two-headed ogre barely misses you. Something hits you!!
You die...

__# ._# )## ..#
..# #'#
..#+##############
..#....#.#.#...{.#
..##.#..#.##)###@#
..'##.#.#.##.#.O##
..#.))#..#..##..
▓▓▓▓▓▓▓▓▓▓▓▓▓▓▓▓


You could see a two-headed ogre.

Vanquished Creatures
  A deep elf pyromancer (D)
  A shadow (D)
  A spatial vortex (D)
  A necrophage (D)
  4 two-headed ogres (D)
  A water elemental (D)
  A jelly (D)
  Crazy Yiuf (D)
  A wizard (D)
  A necromancer (D)
  3 humans (D)
  A kobold demonologist (D)
  An endoplasm (D)
  3 rats (D)
21 creatures vanquished.

Notes
Turn   | Place    | Note
-------+----------+-------------------------------------------
     0 | D        | boopmooplesden the Minotaur Berserker began the quest for
                  | the Orb.
     0 | D        | Reached XP level 1. HP: 19/19 MP: 0/0
     9 | D        | Reached skill level 4 in Long Blades
    23 | D        | Reached ** piety under Trog
    37 | D        | Noticed Crazy Yiuf
    43 | D        | Killed Crazy Yiuf
    44 | D        | Reached skill level 5 in Fighting
    44 | D        | Reached skill level 5 in Long Blades
    44 | D        | Reached XP level 2. HP: 30/30 MP: 1/1
    44 | D        | Reached XP level 3. HP: 37/37 MP: 2/2
    49 | D        | Reached skill level 6 in Long Blades
   139 | D        | Gained mutation: You expend magic power (3 MP) to
                  | strengthen your wands. [potion of mutation]
   139 | D        | Lost mutation: You expend magic power (3 MP) to strengthen
                  | your wands. [potion of mutation]
   140 | D        | Gained mutation: You are weak. (Str -2) [potion of
                  | mutation]
   141 | D        | Lost mutation: You are weak. (Str -2) [potion of mutation]
   141 | D        | Gained mutation: You tend to lose your temper in combat.
                  | [potion of mutation]
   142 | D        | Lost mutation: You tend to lose your temper in combat.
                  | [potion of mutation]
   142 | D        | Gained mutation: Armour fits poorly on your strangely
                  | shaped body. [potion of mutation]
   142 | D        | Gained mutation: Your spells are a little harder to cast,
                  | but a little more powerful. [potion of mutation]
   143 | D        | Lost mutation: Armour fits poorly on your strangely shaped
                  | body. [potion of mutation]
   143 | D        | Lost mutation: Your spells are a little harder to cast, but
                  | a little more powerful. [potion of mutation]
   143 | D        | Gained mutation: You do not regenerate when monsters are
                  | visible. [potion of mutation]
   143 | D        | Gained mutation: You have a pair of large horns on your
                  | head. [potion of mutation]
   147 | D        | Noticed a water elemental
   150 | D        | Killed a water elemental
   150 | D        | Reached *** piety under Trog
   151 | D        | Reached skill level 8 in Long Blades
   151 | D        | Reached XP level 4. HP: 47/47 MP: 3/3
   291 | D        | Found a basalt altar of Yredelemnul.
   291 | D        | Found a shadowy altar of Dithmenos.
   291 | D        | Found a sacrificial altar of Ru.
   291 | D        | Noticed a necrophage
   298 | D        | Killed a necrophage
   299 | D        | Reached skill level 9 in Long Blades
   299 | D        | Reached skill level 5 in Armour
   299 | D        | Reached XP level 5. HP: 57/57 MP: 4/4
   349 | D        | Found a hide-covered altar of Uskayaw.
   349 | D        | Found an iron altar of Okawaru.
   350 | D        | Found a bloodstained altar of Trog.
   350 | D        | Found an ornate altar of the Wu Jian Council.
   350 | D        | Noticed a human
   350 | D        | Noticed a human
   360 | D        | Killed a human
   361 | D        | Reached skill level 10 in Fighting
   361 | D        | Reached skill level 11 in Long Blades
   361 | D        | Reached skill level 5 in Dodging
   361 | D        | Reached XP level 6. HP: 57/67 MP: 5/5
   363 | D        | Killed a human
   363 | D        | Reached **** piety under Trog
   364 | D        | Reached skill level 12 in Long Blades
   550 | D        | Found a glowing silver altar of Zin.
   550 | D        | Found a glowing golden altar of the Shining One.
   550 | D        | Found a white marble altar of Elyvilon.
   551 | D        | Noticed a deep elf pyromancer
   554 | D        | Noticed a fire elemental
   559 | D        | Noticed a fire elemental
   559 | D        | Killed a deep elf pyromancer
   560 | D        | Reached skill level 13 in Long Blades
   560 | D        | Reached XP level 7. HP: 16/78 MP: 6/6
   847 | D        | Found a radiant altar of Vehumet.
   847 | D        | Found a shimmering blue altar of Sif Muna.
   847 | D        | Found an ancient bone altar of Kikubaaqudgha.
   849 | D        | Reached skill level 14 in Long Blades
   853 | D        | Noticed an orange demon
   869 | D        | Noticed a shadow
   872 | D        | Reached ***** piety under Trog
   873 | D        | Reached XP level 8. HP: 77/85 MP: 7/7
   880 | D        | Found a blossoming altar of Fedhas.
   880 | D        | Found a stormy altar of Qazlal.
   880 | D        | Found a snail-covered altar of Cheibriados.
   880 | D        | Found a burning altar of Makhleb.
   880 | D        | Found a shimmering altar of Xom.
   881 | D        | Found a hazy altar of Hepliaklqana.
   881 | D        | Found an opulent altar of Gozag.
   881 | D        | Found a sparkling altar of Nemelex Xobeh.
   881 | D        | Found a corrupted altar of Lugonu.
   881 | D        | Found a viscous altar of Jiyva.
   911 | D        | Received a gift from Trog
   914 | D        | Reached skill level 15 in Long Blades
  1017 | D        | Noticed a two-headed ogre
  1022 | D        | Killed a two-headed ogre
  1023 | D        | Reached skill level 1 in Maces & Flails
  1023 | D        | Reached skill level 1 in Stealth
  1326 | D        | Noticed Erolcha
  1326 | D        | Noticed a two-headed ogre
  1337 | D        | HP: 5/129 [two-headed ogre/+0 giant spiked club (17)]
  1337 | D        | Demolished by Erolcha

Illustrated notes

Levels and vault maps discovered:
D:        dungeon_sprint_mu [sprint_mu_entry_cave, sprint_mu_temple_rooms,
          sprint_mu_d1_spiders, sprint_mu_d2_genie, sprint_mu_d3_branching,
          sprint_mu_orc_legion, sprint_mu_elf_gauntlet, sprint_mu_hive_nellie,
          sprint_mu_lair_fedhas, sprint_mu_vaults_butterflies,
          sprint_mu_slime_circle, sprint_mu_swamp_cave, sprint_mu_shoals_archi,
          sprint_mu_blade_basic, sprint_mu_crypt_fortress,
          sprint_mu_tomb_spiral, sprint_mu_vestibule_basic,
          sprint_mu_gehenna_hellfire, sprint_mu_dis_giant,
          sprint_mu_tartarus_statrot, sprint_mu_cocytus_islands, sprint_mu_zot1]

Skill      XL: |  1  2  3  4  5  6  7  8 |
---------------+-------------------------+-----
Fighting       | 5 7 9 10 12 13 | 13.6
Long Blades    | 5 8 9 11 13 14 15 | 15.6
Armour         | 3 4 5 7 9 |  9.1
Dodging        | 3 4 5 6 7 |  7.6
Maces & Flails | 1 |  1.4
Stealth        | 1 |  1.0

Action                   |  1- 3 |  4- 6 |  7- 9 || total
-------------------------+-------+-------+-------++-------
Melee: Falchion          |    18 |    22 |       ||    40
       Headbutt          |     2 |     3 |    10 ||    15
       Punch             |       |     1 |       ||     1
       Long sword        |       |       |    20 ||    20
       Great mace        |       |       |    13 ||    13
Invok: Berserk           |     2 |     3 |     2 ||     7
  Use: Potion            |     5 |       |       ||     5
Armor: Animal skin       |     2 |     2 |       ||     4
       Plate armour      |       |     3 |     9 ||    12
Dodge: Dodged            |     9 |     7 |    18 ||    34
